 Dungeon Crawl Stone Soup version 0.31-a0-1074-g0b22e4e0f1 (webtiles) character file.

Game seed: 18107512889964102804

142 hikkokomori the Stinger (level 5, -3/37 HPs)
             Began as a Gnoll Venom Mage on Nov 28, 2023.
             Constricted to death by Ijyb (5 damage)
             ... on level 3 of the Dungeon.
             The game lasted 00:05:48 (2220 turns).

hikkokomori the Stinger (Gnoll Venom Mage)          Turns: 2220, Time: 00:05:48

Health: -3/37      AC:  5    Str:  9    XL:     5   Next: 24%
Magic:  1/12       EV:  7    Int: 15    God:
Gold:   32         SH:  7    Dex: 12    Spells: 13/14 levels left

rFire   . . .        c - +0 dagger (vamp)
rCold   + . .        i - +0 kite shield
rNeg    . . .        a - +0 robe
rPois   .            (no helmet)
rElec   .            h - +0 cloak
rCorr   .            l - +0 pair of gloves
SInv    +            r - +0 pair of boots
Will    .....        (no amulet)
Stlth   +++          k - ring of see invisible
HPRegen 0.26/turn    p - ring of protection from cold
MPRegen 0.13/turn

%: no passive effects
@: grasped by roots, constricted
A: fangs 1, strong nose, distributed training
a: no special abilities


You were on level 3 of the Dungeon.
You visited 1 branch of the dungeon, and saw 3 of its levels.

You collected 137 gold pieces.
You spent 105 gold pieces at shops.

Inventory:

Hand Weapons
 c - a +0 vampiric dagger (weapon)
Missiles
 d - 7 poisoned darts
Armour
 a - a +0 robe (worn)
 h - a +0 cloak (worn)
 i - a +0 kite shield (worn)
 l - a +0 pair of gloves (worn)
 r - a +0 pair of boots (worn)
Jewellery
 j - an amulet of magic regeneration
 k - a ring of see invisible (left hand)
 p - a ring of protection from cold (right hand)
Scrolls
 e - 3 scrolls of vulnerability
 m - 2 scrolls of teleportation
 n - a scroll of identify
 q - a scroll of blinking
Potions
 b - a potion of magic
 g - a potion of degeneration {unknown}
 o - a potion of brilliance {unknown}


   Skills:
 + Level 1.4 Fighting
 + Level 1.4 Short Blades
 + Level 1.4 Long Blades
 + Level 1.4 Axes
 + Level 1.4 Maces & Flails
 + Level 1.4 Polearms
 + Level 1.4 Staves
 + Level 1.4 Ranged Weapons
 + Level 1.4 Throwing
 + Level 1.4 Armour
 + Level 4.7 Dodging
 + Level 4.4 Stealth
 + Level 1.4 Shields
 + Level 1.4 Unarmed Combat
 + Level 5.2 Spellcasting
 + Level 1.1 Conjurations
 + Level 1.1 Hexes
 + Level 1.1 Summonings
 + Level 1.1 Necromancy
 + Level 1.1 Translocations
 + Level 2.3 Transmutations
 + Level 1.1 Fire Magic
 + Level 1.1 Ice Magic
 + Level 1.1 Air Magic
 + Level 1.1 Earth Magic
 + Level 5.5 Poison Magic
 + Level 1.6 Invocations
 + Level 1.4 Evocations
 + Level 1.3 Shapeshifting


You had 13 spell levels left.
You knew the following spells:

 Your Spells              Type           Power      Damage    Failure   Level
a - Sting                 Tmut/Pois      60%        1d6       19%         1

Your spell library contained the following spells:

 Spells                   Type           Power      Damage    Failure   Level
 Poisonous Vapours        Pois/Air       26%        N/A       34%         2
 Passwall                 Tmut/Erth      7%         N/A       56%         2
 Ensorcelled Hibernation  Hex/Ice        14%        N/A       65%         2
 Mephitic Cloud           Conj/Pois/Air  11%        N/A       67%         3
 Olgreb's Toxic Radiance  Pois           20%        N/A       67%         4
 Swiftness                Air            7%         N/A       86%         3


Dungeon Overview and Level Annotations

Branches:
Dungeon (3/15)

Altars:
Ashenzari

Shops:
D:3 ?

Annotations:
D:3 Ijyb


Innate Abilities, Weirdness & Mutations

You have very sharp teeth.
Your uncanny sense of smell can sniff out nearby items.
Your experience applies equally to all skills.


Message History

Aiming: Sting (safe; 19% risk of failure)
Press: ? - help, Shift-Dir - straight line, f/p - Ijyb
Aim: Ijyb, wielding a +0 dagger, wearing a +0 chain mail and carrying a wand of roots (moderately wounded, very poisoned, 74% to hit)
The sting misses Ijyb.
Ijyb hits you with a +0 dagger.
* * * LOW HITPOINT WARNING * * *
The grasping roots constrict you.
The grasping roots release their grip on you.
Unknown command.
Unknown command.
Casting: Sting (safe; 19% risk of failure)
Confirm with . or Enter, or press ? or * to list all spells.
Aiming: Sting (safe; 19% risk of failure)
Press: ? - help, Shift-Dir - straight line, f/p - Ijyb
Aim: Ijyb, wielding a +0 dagger, wearing a +0 chain mail and carrying a wand of roots (moderately wounded, very poisoned, 74% to hit)
The sting misses Ijyb.
Ijyb zaps a wand.
The roots erupt in riotous growth!
The grasping roots grab you!
Ijyb is unaffected.
The grasping roots constrict you.
* * * LOW HITPOINT WARNING * * *
Unknown command.
Unknown command.
You feel better. You block Ijyb's attack. The grasping roots constrict you.
* * * LOW HITPOINT WARNING * * *
The grasping roots release their grip on you.
Casting: Sting (safe; 19% risk of failure)
Confirm with . or Enter, or press ? or * to list all spells.
Aiming: Sting (safe; 19% risk of failure)
Press: ? - help, Shift-Dir - straight line, f/p - Ijyb
Aim: Ijyb, wielding a +0 dagger, wearing a +0 chain mail and carrying a wand of roots (moderately wounded, very poisoned, 74% to hit)
The sting hits Ijyb.
Ijyb looks even sicker.
Ijyb is heavily wounded.
You block Ijyb's attack.
Unknown command.
You hit Ijyb but do no damage. You bite Ijyb, but do no damage.
Ijyb is heavily wounded.
Ijyb zaps a wand.
The roots erupt in riotous growth!
The grasping roots grab you!
Ijyb is unaffected.
The grasping roots constrict you.
* * * LOW HITPOINT WARNING * * *
Ijyb hits you but does no damage. The grasping roots constrict you.
You die...

.%<....#### # ..........# #
.......##.### #######
........#...#### ### ###......
..........#....#####.####.......#
.......##.####.##.........##....#
......##.....#....##.#######..)..
.....###........####.# #.....
##### #.....##.@g.#.# #.....
###### ####.#.# #..... #)#.#
#....# #g#.# #..### ###...####
#..# ##....#...## #.##
##..........###..#
#................#
#................#


You could see Ijyb (very poisoned).

Vanquished Creatures
  A scorpion (D:3)
  3 adders
  A worm (D:2)
  4 orcs
  2 endoplasms
  3 giant cockroaches
  4 goblins
  2 hobgoblins
  9 jackals (D:1)
  2 quokkas (D:1)
  2 ball pythons (D:2)
  A bat (D:1)
  A frilled lizard (D:1)
  3 kobolds
  7 rats
45 creatures vanquished.

Notes
Turn   | Place    | Note
-------+----------+-------------------------------------------
     0 | D:1      | hikkokomori the Gnoll Venom Mage began the quest for the
                  | Orb.
     0 | D:1      | Reached XP level 1. HP: 13/13 MP: 6/6
   133 | D:1      | Reached XP level 2. HP: 19/19 MP: 4/7
   904 | D:2      | Reached XP level 3. HP: 25/25 MP: 9/9
   916 | D:2      | Reached skill level 5 in Spellcasting
  1082 | D:2      | Reached skill level 1 in Invocations
  1229 | D:2      | Reached skill level 1 in Fighting
  1229 | D:2      | Reached skill level 1 in Short Blades
  1229 | D:2      | Reached skill level 1 in Long Blades
  1229 | D:2      | Reached skill level 1 in Axes
  1229 | D:2      | Reached skill level 1 in Maces & Flails
  1229 | D:2      | Reached skill level 1 in Polearms
  1229 | D:2      | Reached skill level 1 in Staves
  1229 | D:2      | Reached skill level 1 in Ranged Weapons
  1229 | D:2      | Reached skill level 1 in Throwing
  1229 | D:2      | Reached skill level 1 in Armour
  1229 | D:2      | Reached skill level 1 in Shields
  1229 | D:2      | Reached skill level 1 in Unarmed Combat
  1229 | D:2      | Reached skill level 1 in Evocations
  1335 | D:2      | Found a broken altar of Ashenzari.
  1639 | D:2      | Reached XP level 4. HP: 32/32 MP: 9/11
  1694 | D:2      | Reached skill level 1 in Shapeshifting
  1951 | D:3      | Noticed a scorpion
  1958 | D:3      | Killed a scorpion
  1959 | D:3      | Reached skill level 1 in Conjurations
  1959 | D:3      | Reached skill level 1 in Hexes
  1959 | D:3      | Reached skill level 1 in Summonings
  1959 | D:3      | Reached skill level 1 in Necromancy
  1959 | D:3      | Reached skill level 1 in Translocations
  1959 | D:3      | Reached skill level 1 in Fire Magic
  1959 | D:3      | Reached skill level 1 in Ice Magic
  1959 | D:3      | Reached skill level 1 in Air Magic
  1959 | D:3      | Reached skill level 1 in Earth Magic
  1959 | D:3      | Reached XP level 5. HP: 26/37 MP: 7/12
  2120 | D:3      | Found a broken altar of Ashenzari.
  2135 | D:3      | Found Ase Fyudgh's Magic Scroll Boutique.
  2158 | D:3      | Bought a scroll of blinking for 75 gold pieces
  2158 | D:3      | Bought a scroll of teleportation for 30 gold pieces
  2164 | D:3      | Noticed Ijyb
  2220 | D:3      | Constricted to death by Ijyb

Illustrated notes

Levels and vault maps discovered:
D:1:      lemuel_arrival_room, layout_rooms, minivault_5
D:2:      minmay_razor_zed, layout_basic, basic_altar
D:3:      layout_rooms, nicolae_overflow_hallway_of_the_gods,
          cheibrodos_sewer_entry_bend, serial_shops, nicolae_shop_behind_doors,
          nicolae_book_shop_shelving, nicolae_shop_advertising_works
          [nicolae_subvault_shop_adworks], uniq_ijyb, uniq_jessica

Skill      XL: |  1  2  3  4 |
---------------+-------------+-----
Transmutations | 2 |  2.3
Spellcasting   | 5 |  5.2
Invocations    | 1 |  1.6
Fighting       | 1 |  1.4
Short Blades   | 1 |  1.4
Long Blades    | 1 |  1.4
Axes           | 1 |  1.4
Maces & Flails | 1 |  1.4
Polearms       | 1 |  1.4
Staves         | 1 |  1.4
Ranged Weapons | 1 |  1.4
Throwing       | 1 |  1.4
Armour         | 1 |  1.4
Shields        | 1 |  1.4
Unarmed Combat | 1 |  1.4
Evocations     | 1 |  1.4
Shapeshifting  | 1 |  1.3
Conjurations   | 1 |  1.1
Hexes          | 1 |  1.1
Summonings     | 1 |  1.1
Necromancy     | 1 |  1.1
Translocations | 1 |  1.1
Fire Magic     | 1 |  1.1
Ice Magic      | 1 |  1.1
Air Magic      | 1 |  1.1
Earth Magic    | 1 |  1.1
Dodging        | |  4.7
Stealth        | |  4.4
Poison Magic   | |  5.5

Action                     |  1- 3 |  4- 6 || total
---------------------------+-------+-------++-------
  Melee: Unarmed           |     7 |       ||     7
         Bite              |     5 |     5 ||    10
         Dagger            |    32 |    21 ||    53
   Cast: Sting             |    55 |    27 ||    82
    Use: Scroll            |       |     5 ||     5
         Potion            |       |     4 ||     4
   Stab: Sleeping          |     3 |       ||     3
 Armour: Robe              |    37 |    22 ||    59
  Dodge: Dodged            |    46 |    13 ||    59
  Block: Kite shield       |    17 |    18 ||    35

Table legend: (Time is in decaauts)
 A = Elapsed time spent in this place.
 B = Non-inter-level travel time spent in this place.
 C = Inter-level travel time spent in this place.
 D = Time resting spent in this place.
 E = Time spent auto-exploring this place.
 F = Levels seen in this place.
 G = Mean time per level.
                   A        B        C        D        E       F      G
               +--------+--------+--------+--------+--------+-----+--------+
         Total |   2229 |   2168 |     61 |      0 |   1756 |   3 |  743.0 |
       Dungeon |   2229 |   2168 |     61 |      0 |   1756 |   3 |  743.0 |
               +--------+--------+--------+--------+--------+-----+--------+

Top non-repeatable levels by time:
     D:2: 988 daAuts
     D:1: 864 daAuts
     D:3: 376 daAuts
